 Seeded DCSS version 0.27.1 (webtiles) character file.

Game seed: 17384682837998859162 (custom seed)

981 nicksoapdish the Ogre Mage (level 8, -4/79 HPs)
             Began as an Ogre Ice Elementalist on Aug 24, 2021.
             Splashed by a jelly's acid (9 damage)
             ... on level 5 of the Dungeon.
             The game lasted 00:11:54 (4965 turns).

nicksoapdish the Ogre Mage (Ogre Ice Elementalist)  Turns: 4965, Time: 00:11:54

Health: -4/79      AC:  4    Str: 14    XL:     8   Next: 17%
Magic:  17/18      EV:  9    Int: 17    God:
Gold:   198        SH:  0    Dex:  9    Spells: 10/21 levels left

rFire    + . .     SeeInvis .   a - +0 battleaxe
rCold    . . .     Faith    .   (shield currently unavailable)
rNeg     . . .     Spirit   .   b - +0 robe
rPois    .         Reflect  .   g - +1 hat
rElec    .         Harm     .   (no cloak)
rCorr    .         Rampage  .   (gloves unavailable)
Will     .....                  (boots unavailable)
Stlth    +.........             n - amulet of magic regeneration
HPRegen  0.23/turn              j - ring of protection from fire
MPRegen  0.41/turn              (no ring)

@: on berserk cooldown, slowed, studying Axes, very slow
A: large, unfitting armour, tough skin 1
a: no special abilities


You were on level 5 of the Dungeon.
You visited 1 branch of the dungeon, and saw 5 of its levels.

You collected 198 gold pieces.

Inventory:

Hand Weapons
 a - a +0 battleaxe (weapon)
 i - a +0 short sword
 o - a +0 giant spiked club
 v - a +0 hand axe
Armour
 b - a +0 robe (worn)
 g - a +1 hat (worn)
Jewellery
 j - a ring of protection from fire (left hand)
 n - an amulet of magic regeneration (around neck)
 t - the ring "Puicsofy" {Will+++ Str+10 Int+6 Dex-2 Stlth-}
   (You took it off an orc on level 4 of the Dungeon)

   [ring of intelligence]

   Str:       It affects your strength (+10).
   Int:       It affects your intelligence (+6).
   Dex:       It affects your dexterity (-2).
   Will:      It greatly increases your willpower.
   Stlth:     It makes you less stealthy.
Wands
 d - a wand of mindburst (9)
Scrolls
 e - a scroll of teleportation
 h - a scroll of enchant weapon {unknown}
 k - a scroll of magic mapping {unknown}
 m - a scroll of identify {unknown}
 q - a scroll of vulnerability {unknown}
 u - a scroll of amnesia {unknown}
 x - a scroll of silence {unknown}
Potions
 c - 2 potions of degeneration {unknown}
 l - a potion of attraction {unknown}
 r - a potion of curing {unknown}
 s - a potion of cancellation {unknown}
 w - a potion of brilliance {unknown}


   Skills:
 * Level 4.5 Fighting
 * Level 4.2 Axes
 - Level 1.7 Dodging
 - Level 1.4 Stealth
 + Level 7.0 Spellcasting
 + Level 5.7 Ice Magic


You had 10 spell levels left.
You knew the following spells:

 Your Spells              Type           Power      Damage    Failure   Level
a - Freeze                Ice            100%       1d11      1%          1
b - Frozen Ramparts       Ice            50%        1d7       3%          3
c - Ozocubu's Armour      Ice            25%        N/A       3%          3
d - Hailstorm             Conj/Ice       15%        3d5       34%         4

Your spell library contained the following spells:

 Spells                   Type           Power      Damage    Failure   Level
 Static Discharge         Conj/Air       5%         N/A       17%         2
 Dispel Undead            Necr           5%         3d7       75%         4
 Sticky Flame             Conj/Fire      5%         2d3       75%         4


Dungeon Overview and Level Annotations

Branches:
Dungeon (5/15)
 Temple: D:4-7

Altars:


Innate Abilities, Weirdness & Mutations

You are too large for most types of armour.
You have tough skin. (AC +1)


Message History

Found a scroll labelled EXEFARONUME.
The hound bites you.
* * * LOW HITPOINT WARNING * * *
A jelly comes into view.
Found 12 bolts and 23 stones.
The hound bites you.
* * * LOW HITPOINT WARNING * * *
The hound closely misses you.
It was a potion of berserk rage.
A red film seems to cover your vision as you go berserk!
You feel yourself moving faster!
You feel mighty! The hound closely misses you.
You slash the hound!
You kill the hound!
You hear an angry hiss.
The adder bites you but does no damage.
You barely miss the adder.
The adder is lightly wounded.
The adder barely misses you.
You slash the adder!
You kill the adder!
You flicker for a moment.
The iguana hisses angrily.
The ogre shouts!
You feel a strong urge to attack something.
The ogre shouts!
You feel your anger nearly subside.
You are no longer berserk.
You are exhausted.
You feel yourself slow down.
You flicker back into view.
Your magical contamination has completely faded away.
Casting: Frozen Ramparts (dangerous; 3% risk of failure)
Confirm with . or Enter, or press ? or * to list all spells.
Aiming: Freeze (safe; 1% risk of failure)
Press: ? - help, Shift-Dir - straight line, f - jelly
Aim: a jelly You freeze the jelly.
The jelly is moderately wounded.
The jelly hits you.
* * * LOW HITPOINT WARNING * * *
You are splashed with acid!
You die...

#.. #.# # ####### #.#
. #..@J.# #.# .#
#.###.# #.####.## ..
#.###........
#.##.###.##.....###.#
#
#.......J...........
###...##...###...# .
#..###.#.#(#.#.# #
#.. #..†#.#...###
##....###...###...


You could see a jelly.

Vanquished Creatures
  A steam dragon (D:4)
  A water moccasin (D:5)
  A black bear (D:4)
  An ice beast (D:5)
  An ogre (D:4)
  A necrophage (D:5)
  5 hounds
  An orc priest (D:4)
  A scorpion zombie (D:5)
  A hound skeleton (D:4)
  3 gnolls (D:2)
  3 adders
  An ufetubus (D:4)
  A dart slug (D:2)
  7 orcs
  7 ball pythons
  6 endoplasms
  3 giant cockroaches
  11 goblins
  8 hobgoblins
  3 jackals (D:1)
  6 kobolds
  A quokka (D:4)
  7 bats
  A frilled lizard (D:1)
  7 rats
89 creatures vanquished.

Notes
Turn   | Place    | Note
-------+----------+-------------------------------------------
     0 | D:1      | nicksoapdish the Ogre Ice Elementalist began the quest for
                  | the Orb.
     0 | D:1      | Reached XP level 1. HP: 16/16 MP: 3/3
   275 | D:1      | Reached XP level 2. HP: 26/26 MP: 3/5
   298 | D:1      | Reached skill level 1 in Fighting
   769 | D:1      | Reached skill level 3 in Spellcasting
   902 | D:1      | Reached XP level 3. HP: 33/33 MP: 4/7
  1352 | D:2      | Learned a level 3 spell: Frozen Ramparts
  1356 | D:2      | Learned a level 3 spell: Ozocubu's Armour
  1462 | D:2      | Reached XP level 4. HP: 31/41 MP: 1/9
  2830 | D:3      | Reached skill level 4 in Spellcasting
  3072 | D:3      | Found a faded altar of an unknown god.
  3073 | D:3      | You fall into a shaft and drop 1 floor!
  3109 | D:4      | Reached XP level 5. HP: 40/49 MP: 6/11
  3166 | D:4      | Learned a level 4 spell: Hailstorm
  3225 | D:4      | Noticed an ogre
  3238 | D:4      | Killed an ogre
  3239 | D:4      | Reached skill level 5 in Spellcasting
  3239 | D:4      | Reached XP level 6. HP: 11/59 MP: 3/14
  3250 | D:3      | HP: 2/59 [poisoned by an orc]
  4008 | D:4      | Identified the ring "Puicsofy" {Will+++ Str+10 Int+6 Dex-2
                  | Stlth-}
  4177 | D:4      | Noticed a steam dragon
  4187 | D:4      | Killed a steam dragon
  4188 | D:4      | Reached skill level 6 in Spellcasting
  4188 | D:4      | Reached skill level 5 in Ice Magic
  4188 | D:4      | Reached XP level 7. HP: 57/67 MP: 9/16
  4255 | D:4      | Reached skill level 1 in Axes
  4590 | D:5      | Entered Level 5 of the Dungeon
  4915 | D:5      | Reached skill level 7 in Spellcasting
  4915 | D:5      | Reached XP level 8. HP: 11/79 MP: 15/18
  4941 | D:5      | HP: 3/79 [hound (3)]
  4946 | D:5      | HP: 2/79 [hound (2)]
  4965 | D:5      | Splashed by a jelly's acid

Illustrated notes

Levels and vault maps discovered:
D:1:      enne_arrival_octagon_isle, layout_loops_ring, nrook_uturn,
          chequers_serial_rivers_marsh
D:2:      layout_basic, minivault_5, minmay_surrounded
D:3:      layout_basic, demons_altar, shapermc_ecumenical_altar_rom_forum,
          minmay_tree_intersection
D:4:      layout_cave_pools, serial_park_tiny_1, nrook_mini_vaults,
          supply_closet_lemuel, minmay_manual_monstrance
D:5:      layout_loops_cross, nicolae_overflow_quartered_altars,
          gup_sewer_entry_pipe, hangedman_abyss_or_decor_passed,
          minmay_starry_boxes

Skill      XL: |  1  2  3  4  5  6  7 |
---------------+----------------------+-----
Fighting       | 1 2 3 4 |  4.5
Ice Magic      | 4 5 |  5.7
Spellcasting   | 3 4 5 6 7 |  7.0
Axes           | 4 |  4.2
Dodging        | |  1.7
Stealth        | |  1.4

Action                   |  1- 3 |  4- 6 |  7- 9 || total
-------------------------+-------+-------+-------++-------
Melee: Unarmed           |     4 |       |       ||     4
       Short sword       |     8 |    10 |       ||    18
       Hand axe          |       |    62 |       ||    62
       Battleaxe         |       |     6 |    42 ||    48
 Cast: Freeze            |    48 |    29 |     4 ||    81
       Frozen Ramparts   |     2 |    17 |     6 ||    25
       Ozocubu's Armour  |     1 |     5 |     3 ||     9
       Hailstorm         |       |       |     1 ||     1
  Use: Scroll            |     2 |       |       ||     2
       Potion            |       |       |     2 ||     2
Armor: Robe              |    13 |    49 |    26 ||    88
Dodge: Dodged            |    24 |    51 |    22 ||    97
